 Dungeon Crawl Stone Soup version 0.22-a0-565-gfc6459a (webtiles) character file.

764 galech the Skirmisher (level 7, -6/76 HPs)
             Began as an Ogre Berserker on June 28, 2018.
             Was a Believer of Trog.
             Mangled by a centaur
             ... wielding a +0 hand axe
              (10 damage)
             ... on level 5 of the Dungeon.
             The game lasted 00:06:12 (6192 turns).

galech the Skirmisher (Ogre Berserker)              Turns: 6192, Time: 00:06:13

Health: -6/76      AC:  6    Str: 24    XL:     7   Next: 81%
Magic:  7/7        EV: 11    Int:  8    God:    Trog [**....]
Gold:   107        SH:  0    Dex:  8    Spells: 6/6 levels left

rFire    + . .     SeeInvis .   v - +1 mace (protect)
rCold    . . .     Gourm    .   (no shield)
rNeg     . . .     Faith    .   b - +0 animal skin
rPois    .         Spirit   .   (helmet restricted)
rElec    .         Reflect  .   (no cloak)
rCorr    .         Harm     .   (gloves unavailable)
MR       ++...                  (boots unavailable)
Stlth    +.........             u - amulet of inaccuracy (curse)
HPRegen  1.22/turn              e - +1 ring of slaying
MPRegen  0.10/turn              n - ring of protection from fire

@: corroded, protection aura, berserk cooldown, regenerating, slowed, very slow
A: large, unfitting armour, tough skin 1
a: Berserk, Trog's Hand, Renounce Religion


You were on level 5 of the Dungeon.
You worshipped Trog.
Trog was pleased with you.
You were near starving.

You visited 1 branch of the dungeon, and saw 5 of its levels.

You collected 107 gold pieces.

Inventory:

Hand Weapons
 a - a +0 mace
 v - a +1 mace of protection (weapon)
Armour
 b - a +0 animal skin (worn)
Jewellery
 e - a +1 ring of slaying (left hand)
 n - a ring of protection from fire (right hand)
 u - a cursed amulet of inaccuracy (around neck)
Scrolls
 d - a scroll of enchant armour {unknown}
 g - 2 scrolls of teleportation {unknown}
 h - 2 scrolls of amnesia {unknown}
 i - 2 scrolls of noise {unknown}
 k - 3 scrolls of identify {unknown}
 m - a scroll of magic mapping {unknown}
 s - a scroll of enchant weapon {unknown}
 t - a scroll of remove curse {unknown}
 w - a scroll of fear {unknown}
 y - a scroll of random uselessness {unknown}
Potions
 f - a potion of brilliance {unknown}
 j - a potion of curing
 l - a potion of cancellation {unknown}
 o - a potion of berserk rage {unknown}
 p - a potion of haste {unknown}
 q - 2 potions of flight {unknown}
 r - a potion of might {unknown}
 z - 3 potions of agility {unknown}
Comestibles
 c - 7 rations


   Skills:
 + Level 6.3 Fighting
 + Level 5.9 Maces & Flails
 + Level 4.7 Dodging
 + Level 1.2 Stealth


You had 6 spell levels left.
You didn't know any spells.
Your spell library was empty.

Dungeon Overview and Level Annotations

Branches:
Dungeon (5/15)             Temple (0/1) D:4

Altars:
Dithmenos
Qazlal
Ru
Sif Muna


Innate Abilities, Weirdness & Mutations

You are too large for most types of armour.
You have tough skin. (AC +1)


Message History

You feel resistant to hostile enchantments.
You are near starving!
The centaur barely misses you. The shadow imp hits you.
* * * LOW HITPOINT WARNING * * *
The centaur hits you with an uncursed hand axe.
* * * LOW HITPOINT WARNING * * *
You hit the centaur but do no damage.
Your weapon exudes an aura of protection.
The centaur hits you but does no damage.
The shadow imp hits you.
* * * LOW HITPOINT WARNING * * *
The centaur hits you but does no damage.
The shadow imp hits you but does no damage.
The centaur barely misses you.
You hit the centaur but do no damage.
The centaur hits you with an uncursed hand axe.
* * * LOW HITPOINT WARNING * * *
The shadow imp completely misses you.
The centaur hits you with an uncursed hand axe!
You die...

###...##.#####..
. ###...........
. ####.#######
####.######## .
#............ .o
#...#..########
... ...# #.##
..o.########.#
.........5@(.#
.........c######
.........o.......
.........########
..>.###### ... ..


You could see a centaur, a shadow imp and an orc.

Vanquished Creatures
  An ogre (D:4)
  A bullfrog (D:3)
  A scorpion (D:5)
  A water moccasin skeleton (D:2)
  A howler monkey (D:5)
  A hound (D:4)
  A jelly (D:5)
  An orc wizard (D:5)
  Ijyb (D:3)
  An iguana (D:5)
  2 worker ants
  A worker ant zombie (D:5)
  Robin (D:3)
  14 adders
  An ooze (D:3)
  A worm (D:3)
  6 dart slugs
  5 leopard geckos
  8 orcs
  6 bats
  2 giant cockroaches
  12 hobgoblins
  17 jackals
  2 quokkas
  4 frilled lizards
  15 goblins
  5 kobolds
  13 rats
125 creatures vanquished.

Vanquished Creatures (others)
  An orc wizard (D:5)
1 creature vanquished.

Grand Total: 126 creatures vanquished

Notes
Turn   | Place    | Note
-------+----------+-------------------------------------------
     0 | D:1      | galech the Ogre Berserker began the quest for the Orb.
     0 | D:1      | Reached XP level 1. HP: 24/24 MP: 1/1
   257 | D:1      | Reached XP level 2. HP: 31/32 MP: 2/2
   734 | D:1      | Reached XP level 3. HP: 35/40 MP: 3/3
  1252 | D:2      | Reached ** piety under Trog
  1354 | D:2      | Reached XP level 4. HP: 34/49 MP: 4/4
  1920 | D:2      | Found a deep blue altar of Sif Muna.
  1941 | D:2      | Reached XP level 5. HP: 52/55 MP: 5/5
  2363 | D:3      | Found a sacrificial altar of Ru.
  2372 | D:3      | Reached skill level 5 in Fighting
  2727 | D:3      | Reached XP level 6. HP: 19/66 MP: 6/6
  3272 | D:3      | Noticed Ijyb
  3319 | D:3      | Killed Ijyb
  3350 | D:3      | Found a shadowy altar of Dithmenos.
  3350 | D:3      | Found a stormy altar of Qazlal.
  3807 | D:3      | Reached skill level 5 in Maces & Flails
  3830 | D:3      | Noticed Robin
  4187 | D:3      | Killed Robin
  4707 | D:4      | Found a staircase to the Ecumenical Temple.
  4726 | D:4      | Reached skill level 1 in Stealth
  4726 | D:4      | Reached XP level 7. HP: 26/74 MP: 7/7
  5593 | D:5      | Entered Level 5 of the Dungeon
  5605 | D:5      | Reached skill level 6 in Fighting
  6192 | D:5      | Mangled by a centaur

Vault maps used:
D:1:      nagdon_arrival_double_spiral
D:2:      nicolae_overflow_crystal_walls, first_ration, minmay_item_behind_shaft
D:3:      gammafunk_temple_overflow_wave, nicolae_ru_awakened_eye, uniq_robin,
          uniq_ijyb
D:4:      temple_green
D:5:      kennysheep_mini, kennysheep_generic_room_5

Skill      XL: |  1  2  3  4  5  6  7 |
---------------+----------------------+-----
Maces & Flails | 3 4 5 |  5.9
Dodging        | 3 4 |  4.7
Fighting       | 5 6 |  6.3
Stealth        | 1 |  1.2

Action                   |  1- 3 |  4- 6 |  7- 9 || total
-------------------------+-------+-------+-------++-------
Melee: Mace              |    96 |   297 |   118 ||   511
       Unarmed           |       |    28 |       ||    28
Invok: Trog's Hand       |       |     3 |     2 ||     5
       Berserk           |       |     6 |     1 ||     7
  Eat: Chunk             |     1 |    18 |     5 ||    24
Armor: Animal skin       |    25 |   108 |    48 ||   181
       Skin              |       |     3 |       ||     3
Dodge: Dodged            |    51 |   273 |    86 ||   410

Table legend:
 A = Spawn XP
 B = Non-spawn XP
 C = Spawn XP percentage of total XP
 D = Spawn monster count
 E = Non-spawn monster count
 F = Spawn count percentage of total count
 G = Total turns spent on level
                    A         B        C        D         E        F      G
               +---------+---------+-------+---------+---------+-------+---------
         Total |       0 |    1092 |   0.0 |       0 |     126 |   0.0 |  6192
               +---------+---------+-------+---------+---------+-------+---------
           D:1 |       0 |      47 |   0.0 |       0 |      26 |   0.0 |  1103
           D:2 |       0 |     146 |   0.0 |       0 |      25 |   0.0 |  1482
           D:3 |       0 |     317 |   0.0 |       0 |      44 |   0.0 |  1814
           D:4 |       0 |     236 |   0.0 |       0 |      16 |   0.0 |  1194
           D:5 |       0 |     346 |   0.0 |       0 |      15 |   0.0 |   599
               +---------+---------+-------+---------+---------+-------+---------
